 Dungeon Crawl Stone Soup version 0.20.1-1-g8b1a95d (webtiles) character file.

72910 Golfball the Warrior (level 15, -20/143 HPs)
             Began as a Hill Orc Fighter on Aug 24, 2017.
             Was a High Priest of Beogh.
             Killed from afar by an ice dragon (38 damage)
             ... with a blast of cold
             ... on level 15 of the Dungeon.
             The game lasted 02:22:25 (24271 turns).

Golfball the Warrior (Hill Orc Fighter)            Turns: 24271, Time: 02:22:26

Health: -20/143    AC: 32    Str: 25    XL:     15   Next: 41%
Magic:  16/25      EV: 14    Int: 14    God:    Beogh [*****.]
Gold:   1409       SH: 18    Dex: 10    Spells: 14/14 levels left

rFire    . . .     SeeInvis +   A - +1 flail of the Goat {flame, rN+ Dex+3 SInv}
rCold    . . .     Gourm    .   c - +5 shield
rNeg     + . .     Faith    +   i - +5 plate armour of Araow {Str+3 Int+4}
rPois    +         Spirit   .   E - +2 helmet {SInv}
rElec    .         Reflect  .   j - +2 cloak {MR+}
rCorr    +         Harm     .   n - +2 pair of gloves
MR       +++..                  x - +1 pair of boots "Haxomyta" {rPois rCorr Dex-5}
Stlth    ..........             T - amulet of faith
Regen    0.4/turn               J - +6 ring of evasion
MPRegen  0.2/turn               p - ring of protection from magic

@: no status effects
A: walk on water
a: Smiting, Recall Orcish Followers, Give Item to Named Follower, Renounce
Religion


You were on level 15 of the Dungeon.
You worshipped Beogh.
Beogh was extremely pleased with you.
You were not hungry.

You visited 4 branches of the dungeon, and saw 23 of its levels.
You also visited: Labyrinth and Ossuary.

You collected 2901 gold pieces.
You spent 1492 gold pieces at shops.

Inventory:

Hand Weapons
 b - a +4 mace of protection
 A - the +1 flail of the Goat (weapon) {flame, rN+ Dex+3 SInv}
   (You took it off an orc on level 6 of the Dungeon)

   It has been specially enchanted to burn those struck by it, causing extra
   injury to most foes and up to half again as much damage against particularly
   susceptible opponents.
   It affects your dexterity (+3).
   It protects you from negative energy.
   It lets you see invisible.
 U - the +2 war axe of the Swamp {chop, rN+}
   (You found it on level 10 of the Dungeon)

   It inflicts extra damage upon your enemies.
   It protects you from negative energy.
Missiles
 v - 3 steel tomahawks (quivered)
Armour
 c - a +5 shield (worn)
 i - the +5 plate armour of Araow (worn) {Str+3 Int+4}
   (You bought it in a shop on level 2 of the Orcish Mines)

   It affects your strength (+3).
   It affects your intelligence (+4).
 j - a +2 cloak of magic resistance (worn)
 n - a +2 pair of gloves (worn)
 s - a +4 chain mail of positive energy
 x - the +1 pair of boots "Haxomyta" (worn) {rPois rCorr Dex-5}
   (You bought it in a shop on level 2 of the Orcish Mines)

   It affects your dexterity (-5).
   It protects you from poison.
   It protects you from acid and corrosion.
 E - a +2 helmet of see invisible (worn)
 W - the +3 ring mail of Words of Power {rC+ rN+}
   (You found it on level 10 of the Dungeon)

   It protects you from cold.
   It protects you from negative energy.
Jewellery
 p - a ring of protection from magic (right hand)
 I - an uncursed ring of positive energy
 J - a +6 ring of evasion (left hand)
 P - an uncursed ring of resist corrosion
 T - an amulet of faith (around neck)
 X - a +5 ring of strength
Wands
 a - a wand of confusion (34/48)
 g - a wand of polymorph (5/24)
 k - a wand of polymorph (23/24)
 t - a wand of confusion (19/48)
 y - a wand of digging (4/24)
 z - a wand of digging (16/24)
 B - a wand of confusion (20/48)
 C - a wand of enslavement (13/24)
 G - a wand of polymorph (10/24)
 H - a wand of confusion (12/48)
 L - a wand of confusion (27/48)
 O - a wand of flame (11/48)
 Q - a wand of digging (16/24)
 V - a wand of disintegration (23/24)
 Y - a wand of lightning (5/15)
 Z - a wand of lightning (4/15)
Scrolls
 e - 20 scrolls of teleportation
 q - 8 scrolls of remove curse
 D - 2 scrolls of enchant armour
 K - 2 scrolls of magic mapping
 M - 8 scrolls of blinking
Potions
 d - 3 potions of might
 l - 2 potions of ambrosia
 m - 2 potions of agility
 r - 4 potions of heal wounds
 u - 3 potions of cancellation
 F - 3 potions of invisibility
 N - 5 potions of curing
Miscellaneous
 S - a phial of floods
Comestibles
 f - 12 bread rations
 h - 27 fruits
 w - 5 meat rations


   Skills:
 + Level 15.7 Fighting
 - Level 3.8(11.5) Axes
 - Level 13.9(14.0) Maces & Flails
   Level 2.2(2.7) Slings
 - Level 2.2(2.7) Throwing
 - Level 10.4 Armour
 + Level 4.1 Dodging
 - Level 11.6 Shields
 + Level 13.5 Invocations
 + Level 6.2 Evocations


You had 14 spell levels left.
You didn't know any spells.

Dungeon Overview and Level Annotations

Branches:
Dungeon (15/15)            Temple (0/1) D:4            Lair (4/6) D:10
 Shoals (0/4) Lair:2       Spider (2/4) Lair:3          Orc (2/2) D:10
    Elf (0/3) Orc:2        Vaults (0/5) D:13
 Depths: D:15

Altars:
Ashenzari
Elyvilon
Okawaru
Qazlal
Sif Muna
Trog
The Shining One

Shops:
D:6 [   D:9 =   D:15 }*(   Orc:2 (*[:

Portals:
Ice
Cave: Spider:2

Annotations:
D:8 exclusion: ice statue
Lair:2 exclusion: 2 oklob plants
Spider:2 exclusion: ice statue
Orc:2 Saint Roka


Message History

You smite the ice dragon!
The ice dragon is severely wounded.
Marbork gestures wildly while chanting.
You block the ice dragon's attack.
The ice dragon claws you but does no damage.
You block the ice dragon's attack.
Aiming: Smiting
Press: ? - help, Dir - move target cursor, f/p - ice dragon Smite: an ice dragon (severely wounded, catching its breath)
You smite the ice dragon!
You kill the ice dragon!
Beogh accepts your kill.
You can no longer revive fallen orcs.
Aiming: Smiting
Press: ? - help, Dir - move target cursor, f - ice dragon Smite: an ice dragon (catching its breath)
You smite the ice dragon!
The ice dragon is moderately wounded.
The ice dragon breathes frost at you. The blast of cold hits you!
You die...

##########o#
##.♣∩♣ #.###$[
.$#....# #...#$.
.$#...♣## ###o#$.
.$#.....# #o#$.
.$#.....# ..
#.#..#..#.....#
... #.#
...##....## .....
#.###D##.....##
#....#
#..##@#..)....#
#..##.#
#.3ooo#o......#
..# #.#
#..8.o#o......# ##
#.#
#...4##o.....## .#
#.# ##..##.o#(..##
o# #.#
#.##o.######
o####.# #####..##
..o##o#####.....##
.#.o........#####


You could see an ice dragon, a friendly orc knight, the friendly Borgun the orc
knight, the friendly Murdo the orc knight, a friendly rust devil, a friendly
sixfirhy and the friendly Marbork the orc sorcerer.

Vanquished Creatures
  A minotaur (Lab)
  An ice dragon (D:15)
  6 centaur warriors
  3 two-headed ogres
  A tengu warrior (D:15)
  An unseen horror (D:10)
  2 necromancers (D:13)
  An orc knight (Orc:2)
  A wolf spider zombie (D:14)
  4 orb spiders
  15 ugly things
  2 wolf spiders
  A deep elf mage (D:14)
  3 cyclopes
  Maurice (Orc:2)
  A merfolk siren (Lair:2)
  An eye of devastation (D:12)
  5 spiny frogs
  A black mamba (Lair:4)
  A komodo dragon (Lair:1)
  A rime drake (Lair:3)
  2 demonic crawlers (Spider:1)
  A redback zombie (D:14)
  3 trolls
  A polar bear (Lair:4)
  6 jumping spiders
  2 meliai (D:15)
  Grinder (D:3)
  Prince Ribbit (D:6)
  3 hippogriffs
  A harpy skeleton (D:13)
  A shadow (D:11)
  14 redbacks
  A wyvern (D:12)
  7 wraiths
  13 yaks
  8 humans (D:13)
  Grum (D:9)
  A vampire mosquito (D:14)
  Menkaure (D:7)
  2 hungry ghosts
  2 wargs
  2 acid dragons
  4 water moccasins
  10 orc warriors
  Duvessa (D:7)
  4 porcupines
  4 ice beasts
  8 sky beasts
  A black bear (D:6)
  A necrophage (D:7)
  3 boggarts (D:15)
  13 ogres
  8 centaurs
  2 phantoms
  6 wolves
  3 crocodiles
  2 elf zombies (Ossuary)
  12 bullfrogs
  3 scorpions
  5 killer bees
  9 wights
  4 howler monkeys
  6 crimson imps
  10 hounds
  2 centaur zombies
  Crazy Yiuf (D:3)
  5 orc wizards
  A quasit (D:7)
  A gnoll shaman (D:6)
  3 orc priests
  4 jellies
  4 centaur skeletons
  Jessica (D:3)
  2 bullfrog skeletons
  2 iguanas
  3 worker ants
  A killer bee zombie (D:9)
  A big kobold zombie (Ossuary)
  A hound skeleton (D:5)
  2 mummies (Ossuary)
  7 gnolls
  15 adders
  2 shadow imps
  An ooze (D:2)
  3 adder skeletons
  3 adder zombies (Ossuary)
  4 worms
  2 dart slugs
  2 leopard geckos
  26 orcs
  6 bats
  10 giant cockroaches
  8 hobgoblins
  A jackal (D:10)
  11 kobolds
  8 quokkas
  2 ball pythons
  3 frilled lizards
  7 goblins
  7 hobgoblin zombies (Ossuary)
  2 jackal zombies (Ossuary)
  7 kobold zombies (Ossuary)
  9 orc zombies (Ossuary)
  7 rats
433 creatures vanquished.

Vanquished Creatures (collateral kills)
  Saint Roka (Orc:2)
  Rupert (Orc:2)
  Frances (D:12)
  The ghost of Dylgear the Earth Mage, an adept DDEE of Makhleb (D:14)
  Kirke (D:14)
  An emperor scorpion (Spider:1)
  An orc warlord (Orc:2)
  An entropy weaver (Spider:1)
  A vault guard (D:13)
  4 hydras
  A catoblepas (Lair:3)
  2 two-headed ogres
  2 orc high priests (Orc:2)
  Sonja (D:12)
  The ghost of Cervance the Nimble, a journeyman FeCj of Sif Muna (D:10)
  5 orb spiders
  2 orc knights (Orc:2)
  A wolf spider zombie (D:14)
  An orb spider (shapeshifter) (D:14)
  3 orc sorcerers (Orc:2)
  9 wolf spiders
  3 cyclopes
  A manticore (D:15)
  6 ugly things
  4 spiny frogs
  A torpor snail (Spider:2)
  2 demonic crawlers (Spider:2)
  A komodo dragon (Lair:4)
  A meliai (D:15)
  5 trolls
  14 jumping spiders
  2 hornets
  5 dream sheep (Lair:4)
  5 hippogriffs
  A meliai zombie (D:15)
  26 redbacks
  10 yaks
  7 tarantellas (Spider:1)
  A wyvern (D:14)
  A hog (D:14)
  A basilisk (D:13)
  14 humans (D:13)
  A vampire mosquito (D:14)
  2 wargs
  A water moccasin (Lair:3)
  2 porcupines
  8 orc warriors
  A sky beast (D:14)
  4 ogres
  4 wolves
  A boggart (D:15)
  3 centaurs (D:14)
  3 crocodiles
  2 big kobolds
  7 bullfrogs
  Dowan (D:7)
  8 wights
  6 killer bees
  2 howler monkeys (D:8)
  2 crimson imps
  A bullfrog zombie (D:8)
  A quasit (D:14)
  2 centaur zombies
  2 orc priests (Orc:2)
  A hound (D:13)
  An orc wizard (Orc:2)
  2 centaur skeletons
  3 worker ants
  2 adders
  A leopard gecko (D:7)
  3 orcs
  A jackal (D:10)
  A hobgoblin zombie (Ossuary)
  A kobold zombie (Ossuary)
  A rat zombie (Ossuary)
  A bush (Lair:3)
  19 fungi
  3 plants
256 creatures vanquished.

Vanquished Creatures (others)
  7 orc knights
  A wizard (D:4)
  An orc sorcerer (Orc:2)
  6 orc warriors
  2 humans
  A bullfrog (D:15)
  A jelly (D:15)
  2 orc priests
  8 orc wizards
  A dart slug (Orc:2)
  28 orcs
  A fungus (Orc:2)
  2 plants (D:1)
61 creatures vanquished.

Grand Total: 750 creatures vanquished

Notes
Turn   | Place    | Note
-------+----------+-------------------------------------------
     0 | D:1      | Golfball the Hill Orc Fighter began the quest for the Orb.
     0 | D:1      | Reached XP level 1. HP: 19/19 MP: 1/1
   127 | D:1      | Reached XP level 2. HP: 27/27 MP: 2/2
   145 | D:1      | Reached skill level 4 in Fighting
   419 | D:1      | Reached XP level 3. HP: 27/33 MP: 3/3
  1020 | D:2      | Reached XP level 4. HP: 38/41 MP: 4/4
  1680 | D:3      | Noticed a fire elemental
  1682 | D:3      | Found a stormy altar of Qazlal.
  1683 | D:3      | Noticed an air elemental
  1683 | D:3      | Noticed an earth elemental
  1683 | D:3      | Noticed a water elemental
  1740 | D:3      | Found a runed door.
  1744 | D:3      | Noticed Crazy Yiuf
  1752 | D:3      | Killed Crazy Yiuf
  1824 | D:3      | Reached XP level 5. HP: 47/47 MP: 5/5
  1909 | D:3      | Noticed Grinder
  1931 | D:3      | Killed Grinder
  1931 | D:3      | Reached skill level 5 in Fighting
  1931 | D:3      | Reached XP level 6. HP: 56/56 MP: 6/6
  1976 | D:3      | Noticed Jessica
  1985 | D:3      | Killed Jessica
  2074 | D:3      | Found a shattered altar of Ashenzari.
  2090 | D:3      | Reached skill level 5 in Maces & Flails
  2225 | D:3      | Became a worshipper of Beogh the Brigand
  2561 | D:4      | Reached XP level 7. HP: 61/62 MP: 7/7
  2658 | D:4      | Reached skill level 5 in Armour
  2682 | D:4      | Found an iron altar of Okawaru.
  2890 | D:4      | Found a bloodstained altar of Trog.
  2893 | D:4      | Noticed a wizard
  2899 | D:4      | Killed a wizard
  2936 | D:4      | Found a staircase to the Ecumenical Temple.
  3094 | D:4      | Reached skill level 6 in Fighting
  3094 | D:4      | Reached skill level 5 in Shields
  3094 | D:4      | Reached skill level 1 in Invocations
  3177 | D:5      | Entered Level 5 of the Dungeon
  3411 | D:5      | Reached skill level 1 in Evocations
  3411 | D:5      | Reached XP level 8. HP: 32/71 MP: 9/9
  3456 | D:5      | Reached * piety under Beogh
  3780 | D:5      | Reached skill level 7 in Fighting
  4304 | D:5      | Reached skill level 1 in Throwing
  4415 | D:5      | Reached XP level 9. HP: 67/80 MP: 10/10
  4534 | D:6      | Noticed Prince Ribbit
  4547 | D:6      | Found Dirraef's Antique Armour Shop.
  4717 | D:6      | Reached ** piety under Beogh
  4717 | D:6      | Reached skill level 8 in Fighting
  4924 | D:6      | Reached skill level 1 in Slings
  5035 | D:6      | Got a scorched flail {flame}
  5206 | D:6      | Identified the +1 flail of the Goat {flame, rN+ Dex+3 SInv} (You took it off an orc on level 6 of the Dungeon)
  5470 | D:6      | Killed Prince Ribbit
  5653 | D:7      | Reached skill level 9 in Fighting
  5670 | D:7      | Found a sand-covered staircase.
  5674 | Ossuary  | Entered an ossuary
  5733 | Ossuary  | Reached *** piety under Beogh
  6023 | D:7      | Noticed Duvessa
  6023 | D:7      | Noticed Dowan
  6031 | D:7      | Killed Duvessa
  6031 | D:7      | Reached XP level 10. HP: 91/91 MP: 13/13
  6040 | D:7      | Killed Dowan
  6310 | D:7      | Identified a scroll of acquirement
  6351 | D:7      | Reached skill level 5 in Invocations
  6429 | D:7      | Noticed Menkaure
  6434 | D:7      | Killed Menkaure
  6659 | D:7      | Found a deep blue altar of Sif Muna.
  6660 | D:7      | Found a glowing golden altar of the Shining One.
  7101 | D:8      | Noticed an ice statue
  7186 | D:8      | Noticed a two-headed ogre
  7192 | D:8      | Killed a two-headed ogre
  7432 | D:9      | Noticed Grum
  7436 | D:9      | Killed Grum
  7640 | D:9      | Noticed a two-headed ogre
  7642 | D:9      | Reached **** piety under Beogh
  7655 | D:9      | Reached skill level 10 in Fighting
  7686 | D:9      | Killed a two-headed ogre
  8029 | D:9      | Reached XP level 11. HP: 97/101 MP: 16/16
  8279 | D:9      | Found Icis's Jewellery Shop.
  8367 | D:10     | Entered Level 10 of the Dungeon
  8368 | D:10     | Noticed a centaur warrior
  8389 | D:10     | Killed a centaur warrior
  8389 | D:10     | Reached skill level 10 in Maces & Flails
  8483 | D:10     | Found a staircase to the Orcish Mines.
  8548 | D:10     | Got an ebony war axe
  8559 | D:10     | Identified the +2 war axe of the Swamp {chop, rN+} (You found it on level 10 of the Dungeon)
  8793 | D:10     | Noticed Cervance's ghost (journeyman FeCj)
  8817 | D:10     | Killed Cervance's ghost
  8922 | D:10     | Noticed a two-headed ogre
  8932 | D:10     | Killed a two-headed ogre
  8932 | D:10     | Reached skill level 11 in Fighting
  9074 | D:10     | Reached skill level 1 in Axes
  9255 | D:10     | Noticed an unseen horror
  9276 | D:10     | Killed an unseen horror
  9276 | D:10     | Gained Bogward as an ally
  9664 | D:10     | Found a staircase to the Lair.
  9871 | D:10     | Got a blackened ring mail
  9882 | D:10     | Identified the +3 ring mail of Words of Power {rC+ rN+} (You found it on level 10 of the Dungeon)
 10034 | Lair:1   | Entered Level 1 of the Lair of Beasts
 10074 | Lair:1   | Reached ***** piety under Beogh
 10914 | Lair:1   | Reached XP level 12. HP: 110/112 MP: 18/18
 11298 | Lair:2   | Reached skill level 12 in Fighting
 11456 | Lair:2   | Found a staircase to the Shoals.
 11676 | Lair:2   | Noticed a six-headed hydra
 11686 | Lair:2   | Killed a six-headed hydra
 12199 | Lair:3   | Found a hole to the Spider Nest.
 13019 | Lair:3   | Gained Arbolt as an ally
 13032 | Lair:3   | Found a stormy altar of Qazlal.
 13364 | Lair:3   | Noticed a catoblepas
 13370 | Lair:3   | Killed a catoblepas
 13713 | Lair:4   | Noticed a seven-headed hydra
 13719 | Lair:4   | Killed a seven-headed hydra
 13723 | Lair:4   | Gained Marbork as an ally
 14754 | D:11     | Found a labyrinth entrance.
 14759 | Lab      | Entered a labyrinth
 15235 | Lab      | Noticed a minotaur
 15247 | Lab      | Killed a minotaur
 15247 | Lab      | Reached skill level 13 in Fighting
 15261 | Lab      | Identified the ring "Owionue" {MP+9 Str+3 Dex+2} (You found it in a labyrinth)
 15460 | D:11     | Reached skill level 10 in Invocations
 15745 | D:11     | Reached XP level 13. HP: 115/122 MP: 20/20
 16693 | D:12     | Reached ****** piety under Beogh
 16924 | D:12     | Noticed Sonja
 16933 | D:12     | Noticed Josephine
 16933 | D:12     | Noticed Josephine
 16933 | D:12     | Josephine changed into Josephine the eye of devastation
 16940 | D:12     | Killed Josephine the eye of devastation
 16940 | D:12     | Reached skill level 10 in Armour
 16940 | D:12     | Reached skill level 5 in Evocations
 16943 | D:12     | Killed Sonja
 17142 | D:12     | Noticed Frances
 17148 | D:12     | Killed Frances
 17691 | D:13     | Found a gate to the Vaults.
 17691 | D:13     | Noticed a vault guard
 17702 | D:13     | Killed a vault guard
 17706 | D:13     | Gained Berold as an ally
 17738 | D:13     | Got a faintly humming ring mail
 17749 | D:13     | Identified the +0 ring mail "Ahenu" {rF+} (You found it on level 13 of the Dungeon)
 18437 | D:14     | Reached skill level 14 in Fighting
 18562 | Orc:1    | Entered Level 1 of the Orcish Mines
 18653 | Orc:2    | Entered Level 2 of the Orcish Mines
 18653 | Orc:2    | Noticed Maurice
 18654 | Orc:2    | Noticed Saint Roka
 18655 | Orc:2    | Found Aqaso's Antique Armour Shop.
 18662 | Orc:2    | Your ally died
 18670 | Orc:2    | Gained Murdo as an ally
 18670 | Orc:2    | Gained Learuk as an ally
 18679 | Orc:2    | Killed Maurice
 18716 | Orc:2    | Bought a fine plate armour for 728 gold pieces
 18726 | Orc:2    | Identified the +5 plate armour of Araow {Str+3 Int+4} (You bought it in a shop on level 2 of the Orcish Mines)
 18836 | Orc:2    | Noticed an orc warlord
 18847 | Orc:2    | Your ally Arbolt died
 18852 | Orc:2    | Killed an orc warlord
 18858 | Orc:2    | Found Haolyeta's Book Shop.
 18876 | Orc:2    | Found a staircase to the Elven Halls.
 19115 | Orc:2    | Found Wazayso's General Store.
 19125 | Orc:2    | Bought the +1 pair of boots "Haxomyta" {rPois rCorr Dex-5} for 237 gold pieces
 19152 | Orc:2    | Found Fuos's Antique Weapon Shop.
 19172 | Orc:2    | Reached XP level 14. HP: 57/132 MP: 20/22
 19512 | Orc:2    | Noticed Rupert
 19534 | Orc:2    | Killed Rupert
 20627 | Spider:1 | Entered Level 1 of the Spider Nest
 20716 | Spider:1 | Noticed an entropy weaver
 20729 | Spider:1 | Killed an entropy weaver
 20837 | Spider:1 | Reached skill level 10 in Shields
 21254 | Spider:1 | Noticed an emperor scorpion
 21267 | Spider:1 | Killed an emperor scorpion
 21862 | Spider:2 | Your ally Learuk died
 21880 | Spider:2 | Your ally Berold died
 21880 | Spider:2 | Your ally Bogward died
 21931 | Spider:2 | Reached skill level 1 in Dodging
 21968 | Spider:2 | Found a frozen archway.
 22080 | Spider:2 | Reached skill level 15 in Fighting
 22514 | D:14     | Noticed Kirke
 22527 | D:14     | Killed Kirke
 22704 | D:14     | Noticed Dylgear's ghost (adept DDEE)
 22715 | D:14     | Killed Dylgear's ghost
 22787 | D:14     | Reached XP level 15. HP: 129/141 MP: 24/24
 22811 | D:14     | Found a white marble altar of Elyvilon.
 22906 | D:14     | Gained Borgun as an ally
 23393 | D:15     | Entered Level 15 of the Dungeon
 23516 | D:15     | Your ally Berold died
 23763 | D:15     | Found a glowing golden altar of the Shining One.
 23778 | D:15     | Found Otamel's Antique Weapon Shop.
 23783 | D:15     | Bought an ichor-stained war axe for 357 gold pieces
 23929 | D:15     | Found Zumm's General Store.
 23987 | D:15     | Bought 2 potions of heal wounds for 170 gold pieces
 24063 | D:15     | Found Zomainim's Gadget Shop.
 24271 | D:15     | Killed from afar by an ice dragon

Skill      XL: |  1  2  3  4  5  6  7  8  9 10 11 12 13 14 15 |
---------------+----------------------------------------------+-----
Fighting       | 4 5 6 7 9 10 11 13 14 15 | 15.7
Maces & Flails | 3 4 5 6 8 9 10 12 13 | 13.9
Armour         | 4 5 6 7 9 10 | 10.4
Shields        | 4 5 6 7 8 9 11 | 11.6
Invocations    | 2 4 6 8 10 12 13 | 13.5
Evocations     | 1 2 3 4 6 |  6.2
Throwing       | 1 2 |  2.2
Slings         | 2 |  2.2
Axes           | 3 |  3.8
Dodging        | 2 4 |  4.1

Action                   |  1- 3 |  4- 6 |  7- 9 | 10-12 | 13-15 || total
-------------------------+-------+-------+-------+-------+-------++-------
Melee: Flail             |   102 |    27 |   135 |   694 |   899 ||  1857
       Mace              |       |   125 |   505 |       |       ||   630
Throw: Tomahawk          |       |       |       |       |     1 ||     1
Invok: Convert to Beogh  |       |     1 |       |       |       ||     1
       Smiting           |       |       |     1 |     1 |    16 ||    18
       Recall Orcish Fol |       |       |       |     5 |    13 ||    18
       Give Item to Name |       |       |       |     2 |     1 ||     3
       Resurrection      |       |       |       |       |     2 ||     2
Evoke: Wand              |       |       |       |     6 |    11 ||    17
  Use: Scroll            |       |    10 |     9 |    21 |    13 ||    53
       Potion            |       |       |     3 |     1 |     1 ||     5
 Stab: Paralysed         |       |       |       |     7 |     5 ||    12
       Distracted        |       |       |       |     3 |    12 ||    15
  Eat: Chunk             |     1 |     5 |    21 |    26 |     6 ||    59
       Royal jelly       |       |       |       |     1 |     3 ||     4
       Meat ration       |       |       |       |     1 |     1 ||     2
       Fruit             |       |       |       |       |     9 ||     9
Armor: Scale mail        |    39 |    12 |       |       |       ||    51
       Chain mail        |       |    78 |   400 |   158 |       ||   636
       Ring mail         |       |       |       |    94 |    75 ||   169
       Plate armour      |       |       |       |       |   240 ||   240
Dodge: Dodged            |    22 |    24 |   130 |   296 |   289 ||   761
Block: Shield            |    48 |    71 |   361 |   506 |   658 ||  1644
